 Dungeon Crawl Stone Soup version 0.32-a0-132-g2d33c3cfaf (webtiles) character file.

Game seed: 14093000198488680735

9369 SmokeWeed the Basher (level 11, -1/89 HPs)
             Began as a Green Draconian Conjurer on Feb 9, 2024.
             Was a Believer of Makhleb.
             Constricted to death by a naga (3 damage)
             ... on level 2 of the Lair of Beasts on Feb 10, 2024.
             The game lasted 00:51:34 (9175 turns).

SmokeWeed the Basher (Green Draconian Conjurer)     Turns: 9175, Time: 00:51:35

Health: -1/89      AC: 12    Str: 10    XL:     11   Next: 22%
Magic:  10/18      EV: 10    Int: 21    God:    Makhleb [**....]
Gold:   855        SH:  5    Dex: 11    Spells: 1/19 levels left

rFire   . . .        F - +2 flail (heavy)
rCold   . . .        u - +0 buckler
rNeg    . . .        (body armour unavailable)
rPois   +            (helmet restricted)
rElec   .            t - +2 cloak {Will+}
rCorr   .            (no gloves)
SInv    .            y - +1 pair of boots
Will    +....        i - amulet of regeneration
Stlth   +++          e - ring of wizardry
HPRegen 1.14/turn    (no ring)
MPRegen 0.16/turn

%: wizardry (x1)
@: short of breath, constricted
A: breathe noxious fumes, AC +7, unfitting armour, poison resistance,
cold-blooded
a: Breathe Noxious Fumes, Renounce Religion, Minor Destruction


You were on level 2 of the Lair of Beasts.
You worshipped Makhleb.
Makhleb was pleased with you.
You visited 3 branches of the dungeon, and saw 11 of its levels.
You also visited: Sewer, Ossuary and Bailey.

You collected 1167 gold pieces.
You spent 312 gold pieces at shops.

Inventory:

Hand Weapons
 d - a +0 dagger
 f - a +3 whip of draining
 h - a +2 dagger of draining
 n - a +2 dagger of venom
 p - a +2 flail of protection
 F - a +2 heavy flail (weapon)
Missiles
 o - 13 poisoned darts
 C - 17 boomerangs
Armour
 t - a +2 cloak of willpower (worn)
 u - a +0 buckler (worn)
 y - a +1 pair of boots (worn)
Jewellery
 e - a ring of wizardry (left hand)
 i - an amulet of regeneration (around neck)
 j - an amulet of the acrobat
Wands
 l - a wand of polymorph (4)
 r - a wand of digging (5)
Scrolls
 g - 3 scrolls of immolation
 k - 2 scrolls of blinking
 E - a scroll of acquirement
 G - a scroll of butterflies
 H - a scroll of torment {unknown}
 I - a scroll of identify
 J - a scroll of poison {unknown}
 K - a scroll of enchant armour
 M - a scroll of enchant weapon
Potions
 a - 3 potions of magic
 b - 2 potions of attraction
 c - 2 potions of haste
 m - 4 potions of resistance
 q - 2 potions of enlightenment
 s - a potion of brilliance
 v - 2 potions of cancellation
 w - a potion of might
 x - 3 potions of heal wounds
 z - a potion of degeneration {unknown}
 B - 2 potions of curing {unknown}
 D - a potion of mutation {unknown}
 L - a potion of berserk rage {unknown}


   Skills:
 + Level 6.2 Fighting
 + Level 0.6 Short Blades
 + Level 8.2 Maces & Flails
 + Level 0.4 Throwing
 + Level 6.3 Dodging
 - Level 6.1 Stealth
 * Level 4.4 Shields
 + Level 4.8 Spellcasting
 + Level 6.4 Conjurations
 * Level 1.6 Hexes
 * Level 3.0 Translocations
 * Level 4.2 Ice Magic
 * Level 3.6 Air Magic
 * Level 2.4 Alchemy


You had one spell level left.
You knew the following spells:

 Your Spells              Type           Power      Damage    Failure   Level
a - Magic Dart            Conj           100%       1d8       1%          1
b - Searing Ray           Conj           64%        2d6       1%          2
c - Mephitic Cloud        Conj/Alch/Air  22%        N/A       3%          3
d - Iskenderun's Mystic   Conj/Tloc      25%        2d7       9%          4
e - Freezing Cloud        Conj/Ice/Air   12%        6-21      24%         5
f - Tukima's Dance        Hex            12%        N/A       10%         3

Your spell library contained the following spells:

 Spells                   Type           Power      Damage    Failure   Level
 Mercury Vapours          Alch/Air       34%        N/A       2%          2
 Fulminant Prism          Conj/Alch      11%        3d9       11%         4
 Dimensional Bullseye     Hex/Tloc       7%         N/A       22%         4
 Ignite Poison            Fire/Alch      10%        N/A       34%         4
 Sticky Flame             Fire/Alch      10%        2d5       34%         4
 Summon Blazeheart Golem  Fire/Summ      5%         N/A       50%         4
 Orb of Destruction       Conj           16%        9d7       97%         7
 Spellforged Servitor     Conj/Summ      9%         N/A       100%        7
 Ignition                 Fire           2%         3d3       100%        8


Dungeon Overview and Level Annotations

Branches:
Dungeon (8/15)             Temple (1/1) D:7            Lair (2/5) D:8
  Sewer (visited)         Ossuary (visited)          Bailey (visited)
  Swamp: Lair:2-3    Shoals: Lair:2-3     Snake: Lair:2-3    Spider: Lair:2-3

Altars:
Ashenzari
Cheibriados
Dithmenos
Elyvilon
Fedhas
Gozag
Hepliaklqana
Kikubaaqudgha
Makhleb
Nemelex Xobeh
Okawaru
Qazlal
Ru
Sif Muna
Trog
Uskayaw
Vehumet
Wu Jian
Xom
Yredelemnul
Zin
The Shining One

Shops:
D:7 *:

Annotations:
D:4 2 runed translucent doors, Azoth's ghost, amateur DECj
D:7 3 runed translucent doors, Azoth's ghost, novice OpCj


Innate Abilities, Weirdness & Mutations

You can breathe blasts of noxious fumes.
Your lurid green scales are hard. (AC +7)
You cannot fit into any form of body armour.
Your system is resistant to poisons. (rPois)
You are cold-blooded and may be slowed by cold attacks.


Message History

The naga hits you with a +2 trident of flaming!
The naga burns you! The naga constricts you.
Your unstable footing causes you to fumble your attack.
The naga spits poison at you.
The splash of poison hits you but does no damage.
You resist. The naga constricts you.
You escape the naga's grasp.
The naga spits poison at you. The splash of poison misses you.
You barely miss the naga. You tail-slap the naga.
The naga is severely wounded.
The naga hits you with a +2 trident of flaming!
The naga burns you. You block the naga's attack.
The naga hits you with a +2 trident of flaming.
The naga burns you. The naga closely misses you.
You closely miss the naga.
The naga is severely wounded.
The naga closely misses you. The naga grabs you. The naga constricts you.
You hit the naga but do no damage.
Your tail-slap misses the naga.
The naga is severely wounded.
The naga spits poison at you. The splash of poison hits you. You resist.
The naga constricts you.
The naga hits you with a +2 trident of flaming!!
* * * LOW HITPOINT WARNING * * *
The naga burns you!
* * * LOW HITPOINT WARNING * * *
The naga constricts you.
* * * LOW HITPOINT WARNING * * *
Aiming: Searing Ray (safe; 1% risk of failure)
Press: ? - help, Q - select action, (/) - cycle Shift-Dir - straight line, f - naga
Aim: a naga, wielding a +2 trident of flaming (severely wounded, constricting you, catching its breath, 81% to hit)
The searing ray hits the naga.
The naga is almost dead. (Press . to maintain the ray.)
The naga hits you with a +2 trident of flaming.
* * * LOW HITPOINT WARNING * * *
The naga burns you.
* * * LOW HITPOINT WARNING * * *
The naga constricts you.
You die...

##... ###... ##
##.#.## #..#.. P
#.....## ####.###. #
.~♣♣####...###.#.##
## #.
♣..~...#.##.##.## #
~..♣~♣♣♣P.#......†.#
#
......P♣..#.##P.#..#
#...~.P~..#.####...#
##P..(N@.###.# ....#
######### #######..#
.)# ... ....


You could see a naga (catching breath).

Vanquished Creatures
  An orc high priest (Bailey)
  An orc sorcerer (Bailey)
  A cane toad (Lair:1)
  Jeremiah (D:8)
  2 komodo dragons
  A polar bear (Lair:1)
  Prince Ribbit (D:6)
  5 blink frogs (Lair:2)
  Eustachio (D:5)
  Menkaure (D:5)
  7 water moccasins
  Duvessa (D:6)
  11 orc warriors
  2 black bears
  4 wolves (Lair:1)
  5 ogres
  A centaur (D:7)
  4 phantoms
  3 bullfrogs
  3 scorpions
  8 wights (D:8)
  Dowan (D:6)
  9 killer bees (D:8)
  4 howler monkeys
  2 electric eels (Bailey)
  6 jellies
  2 gnoll boudas
  A bombardier beetle (D:5)
  4 orc priests
  Crazy Yiuf (D:5)
  5 iguanas
  4 orc wizards
  A sleepcap (D:7)
  3 mummies (D:6)
  9 adders
  12 gnolls
  3 river rats (Sewer)
  2 white imps
  The ghost of zenocrate the Sneak, a weakling KoDe (D:6)
  A dart slug (D:4)
  3 ribbon worms
  38 orcs
  5 bats
  21 endoplasms
  6 giant cockroaches
  A gnoll zombie (Ossuary)
  13 hobgoblins
  9 jackals (D:1)
  10 kobolds
  4 quokkas
  10 ball pythons
  4 frilled lizards
  22 goblins
  2 hobgoblin zombies (Ossuary)
  A kobold zombie (Ossuary)
  2 orc zombies (Ossuary)
  8 rats
294 creatures vanquished.

Vanquished Creatures (others)
  An orc wizard (D:7)
1 creature vanquished.

Grand Total: 295 creatures vanquished

Notes
Turn   | Place    | Note
-------+----------+-------------------------------------------
     0 | D:1      | SmokeWeed the Draconian Conjurer began the quest for the
                  | Orb.
     0 | D:1      | Reached XP level 1. HP: 14/14 MP: 3/3
   169 | D:1      | Reached XP level 2. HP: 13/20 MP: 5/5
   227 | D:1      | Learned a level 2 spell: Searing Ray
   522 | D:1      | Reached XP level 3. HP: 26/26 MP: 4/6
  1246 | D:2      | Reached skill level 5 in Conjurations
  1246 | D:2      | Reached XP level 4. HP: 33/33 MP: 3/7
  2353 | D:4      | Noticed a phantom
  2356 | D:4      | Found a large runed translucent door.
  2356 | D:4      | Found a large runed translucent door.
  2371 | D:4      | Killed a phantom
  2372 | D:4      | Reached skill level 1 in Maces & Flails
  2372 | D:4      | Reached XP level 5. HP: 35/39 MP: 1/9
  2521 | D:4      | Reached skill level 1 in Fighting
  2534 | D:4      | Noticed a black bear
  2543 | D:4      | Killed a black bear
  2544 | D:4      | Reached skill level 2 in Maces & Flails
  2544 | D:4      | Reached XP level 6. HP: 37/47 MP: 3/10
  2941 | D:4      | Noticed Azoth's ghost (amateur DECj)
  3056 | D:5      | Entered Level 5 of the Dungeon
  3071 | D:5      | Noticed Eustachio
  3093 | D:5      | Killed Eustachio
  3094 | D:5      | Reached skill level 3 in Maces & Flails
  3202 | D:5      | Your scales start taking on a lurid green colour.
  3202 | D:5      | Reached XP level 7. HP: 51/56 MP: 11/11
  3202 | D:5      | Gained mutation: Your system is resistant to poisons.
                  | (rPois) [Green Draconian growth]
  3265 | D:5      | Found a snail-covered altar of Cheibriados.
  3283 | D:5      | Found a runed translucent door.
  3284 | D:5      | Noticed Crazy Yiuf
  3293 | D:5      | Killed Crazy Yiuf
  3404 | D:5      | Noticed Menkaure
  3419 | D:5      | Killed Menkaure
  3485 | D:5      | Identified the +2 ring mail "Maeqaliy" {rF+ Str+3 SInv}
  3536 | D:5      | Reached skill level 4 in Maces & Flails
  3646 | D:5      | Reached XP level 8. HP: 63/63 MP: 1/12
  4054 | D:6      | Noticed Prince Ribbit
  4073 | D:6      | Killed Prince Ribbit
  4073 | D:6      | Noticed Dowan
  4074 | D:6      | Reached skill level 5 in Maces & Flails
  4100 | D:6      | Killed Dowan
  4109 | D:6      | Noticed Duvessa
  4125 | D:6      | Killed Duvessa
  4165 | D:6      | Found a sand-covered staircase.
  4173 | Ossuary  | Entered an ossuary
  4280 | D:6      | Found a large runed translucent door.
  4280 | D:6      | Found a large runed translucent door.
  4308 | D:6      | Found a glowing drain.
  4335 | Sewer    | Entered a sewer
  4450 | Sewer    | Reached skill level 6 in Maces & Flails
  4570 | Sewer    | Found a viscous altar of Jiyva.
  4713 | D:6      | Reached XP level 9. HP: 64/72 MP: 10/14
  4898 | D:6      | Reached skill level 5 in Stealth
  4932 | D:6      | Found a bloodstained altar of Trog.
  5300 | D:6      | Noticed zenocrate's ghost (weakling KoDe)
  5545 | D:6      | Killed zenocrate's ghost
  5686 | D:7      | Found Rashil's General Store.
  5742 | D:7      | Reached skill level 5 in Fighting
  5782 | D:7      | Reached skill level 7 in Maces & Flails
  5821 | D:7      | Reached skill level 5 in Dodging
  5938 | D:7      | Found Wukeseeka's Book Shoppe.
  5946 | D:7      | Bought a book of Vapours for 312 gold pieces
  5950 | D:7      | Learned a level 3 spell: Mephitic Cloud
  5955 | D:7      | Learned a level 4 spell: Iskenderun's Mystic Blast
  5961 | D:7      | Learned a level 5 spell: Freezing Cloud
  6018 | D:7      | Found an ornate altar of the Wu Jian Council.
  6088 | D:7      | Found a staircase to the Ecumenical Temple.
  6104 | Temple   | Found a transporter.
  6104 | Temple   | Found a transporter.
  6104 | Temple   | Found a transporter.
  6104 | Temple   | Found a transporter.
  6104 | Temple   | Entered the Ecumenical Temple
  6147 | Temple   | Became a worshipper of Makhleb the Destroyer
  6198 | D:7      | Identified a scroll of acquirement
  6198 | D:7      | Acquired 580 gold pieces
  6315 | D:7      | Found a runed translucent gate.
  6324 | D:7      | Noticed Azoth's ghost (novice OpCj)
  6327 | D:7      | Found a runed translucent gate.
  6327 | D:7      | Found a runed translucent gate.
  6372 | D:8      | Reached skill level 1 in Ice Magic
  6404 | D:8      | Reached skill level 1 in Shields
  6404 | D:8      | Reached skill level 1 in Air Magic
  6558 | D:8      | Noticed Jeremiah
  6642 | D:8      | Killed Jeremiah
  6643 | D:8      | Reached XP level 10. HP: 76/81 MP: 16/16
  6952 | D:8      | Reached * piety under Makhleb
  7055 | D:8      | Found a flagged portal.
  7083 | Bailey   | Entered a bailey
  7255 | Bailey   | Noticed an orc high priest
  7262 | Bailey   | Killed an orc high priest
  7263 | Bailey   | Reached skill level 1 in Translocations
  7283 | Bailey   | Found an iron altar of Okawaru.
  7291 | Bailey   | Noticed an orc sorcerer
  7324 | Bailey   | Killed an orc sorcerer
  7505 | Bailey   | Reached ** piety under Makhleb
  7697 | D:8      | Learned a level 3 spell: Tukima's Dance
  7866 | D:8      | Found a staircase to the Lair.
  7906 | Lair:1   | Entered Level 1 of the Lair of Beasts
  7906 | Lair:1   | Noticed a cane toad
  7927 | Lair:1   | Killed a cane toad
  7928 | Lair:1   | Reached skill level 1 in Alchemy
  7967 | Lair:1   | Identified the +4 dagger "Giant's Toothpick" {freeze,
                  | Dex+2}
  7968 | Lair:1   | Found a bloodstained altar of Trog.
  8128 | Lair:1   | Reached skill level 8 in Maces & Flails
  8153 | Lair:1   | Reached skill level 1 in Hexes
  8586 | Lair:1   | Reached XP level 11. HP: 89/89 MP: 14/18
  9175 | Lair:2   | HP: 2/89 [naga/+2 trident of flaming (3)]
  9175 | Lair:2   | Constricted to death by a naga

Illustrated notes

Levels and vault maps discovered:
D:1:      eino_arrival_cavern_e, layout_basic
D:2:      layout_basic
D:3:      layout_rooms
D:4:      layout_basic, ebering_ghost_disaster_area
D:5:      layout_basic, kennysheep_mini, uniq_eustachio, uniq_menkaure,
          uniq_crazy_yiuf_cottage
D:6:      layout_basic, kennysheep_mini_moat, chequers_ossuary_entry_cave,
          cheibrodos_sewer_entry_sluice, ebering_ghost_disaster_area,
          nicolae_twisty_statue_hallways, uniq_prince_ribbit1, uniq_duvessa
D:7:      layout_rooms, mainiacjoe_overflow_alcove_2, minmay_temple_entry_wispy,
          gammafunk_ghost_split, serial_shops, nicolae_shop_advertising_works
          [nicolae_subvault_shop_adworks], kennysheep_small_circle
D:8:      layout_basic, lair_entry_dummy, serial_curves, eino_curves_04,
          eino_curves_02, enter_bailey_5, uniq_jeremiah
Temple:   hellmonk_temple_divided_pantheon
Lair:1:   layout_cave_pods, basic_altar
Lair:2:   layout_cave_pods, alex1729_snake_entry_snake

Skill      XL: |  1  2  3  4  5  6  7  8  9 10 11 |
---------------+----------------------------------+-----
Stealth        | 2 3 4 6 |  6.1
Dodging        | 2 3 4 5 6 |  6.3
Conjurations   | 5 6 |  6.4
Maces & Flails | 1 2 3 4 6 7 8 |  8.2
Fighting       | 1 2 3 4 5 6 |  6.2
Spellcasting   | 3 4 |  4.8
Ice Magic      | 2 3 4 |  4.2
Shields        | 2 4 |  4.4
Air Magic      | 1 3 |  3.6
Translocations | 2 3 |  3.0
Alchemy        | 1 2 |  2.4
Hexes          | 1 |  1.6
Short Blades   | |  0.6
Throwing       | |  0.4

Action                     |  1- 3 |  4- 6 |  7- 9 | 10-12 || total
---------------------------+-------+-------+-------+-------++-------
  Melee: Club              |    45 |       |       |       ||    45
         Tailslap          |    10 |    10 |    60 |    46 ||   126
         Punch             |     2 |     4 |    29 |       ||    35
         Whip              |    35 |   123 |   257 |   252 ||   667
         Flail             |       |       |   130 |    52 ||   182
         Dagger            |       |       |     2 |       ||     2
  Throw: Dart              |       |       |     4 |       ||     4
         Throwing net      |       |       |       |     2 ||     2
         Boomerang         |       |       |       |     1 ||     1
   Cast: Magic Dart        |    56 |    36 |    23 |    26 ||   141
         Searing Ray       |       |     7 |    24 |     2 ||    33
         Mephitic Cloud    |       |       |     2 |    16 ||    18
         Iskenderun's Myst |       |       |       |    11 ||    11
Ability: Breathe Noxious F |       |       |    22 |     9 ||    31
    Use: Scroll            |     2 |     5 |    13 |     3 ||    23
         Potion            |       |       |     1 |       ||     1
   Stab: Sleeping          |     1 |     2 |     1 |     1 ||     5
         Confused          |       |       |    16 |    19 ||    35
         Distracted        |       |       |     1 |       ||     1
 Armour: Skin              |    50 |    76 |   258 |   180 ||   564
  Dodge: Dodged            |    65 |    91 |   309 |   170 ||   635
  Block: Buckler           |       |       |     7 |    59 ||    66

Table legend: (Time is in decaauts)
 A = Elapsed time spent in this place.
 B = Non-inter-level travel time spent in this place.
 C = Inter-level travel time spent in this place.
 D = Time resting spent in this place.
 E = Time spent auto-exploring this place.
 F = Levels seen in this place.
 G = Mean time per level.
                   A        B        C        D        E       F      G
               +--------+--------+--------+--------+--------+-----+--------+
         Total |   9163 |   8937 |    226 |    213 |   5654 |  14 |  654.5 |
       Dungeon |   6793 |   6582 |    211 |     63 |   4517 |   8 |  849.1 |
        Temple |     58 |     58 |      0 |      0 |      0 |   1 |   58.0 |
          Lair |   1278 |   1264 |     14 |     51 |    925 |   2 |  639.0 |
         Sewer |    419 |    419 |      0 |     21 |    182 |   1 |  419.0 |
       Ossuary |     34 |     34 |      0 |      0 |      0 |   1 |   34.0 |
        Bailey |    579 |    579 |      0 |     78 |     30 |   1 |  579.0 |
               +--------+--------+--------+--------+--------+-----+--------+

Top non-repeatable levels by time:
     D:6: 1264 daAuts
     D:1: 1166 daAuts
  Lair:1: 945 daAuts
     D:8: 906 daAuts
     D:5: 861 daAuts
     D:4: 708 daAuts
     D:7: 683 daAuts
     D:3: 624 daAuts
  Bailey: 579 daAuts
     D:2: 577 daAuts
   Sewer: 419 daAuts
  Lair:2: 333 daAuts
  Temple: 58 daAuts
 Ossuary: 34 daAuts
